 Dungeon Crawl Stone Soup version 0.30-a0-879-ga8ba668304 (webtiles) character file.

Game seed: 8592058095991832927

956064 juan097 the Slayer (level 27, -16/204 (215) HPs)
             Began as a Gargoyle Earth Elementalist on Mar 9, 2023.
             Was the Champion of Vehumet.
             Demolished by a shard shrike (17 damage)
             ... while paralysed by a Zot trap
             ... on level 2 of Cocytus on Mar 13, 2023.
             The game lasted 09:33:34 (103194 turns).

juan097 the Slayer (Gargoyle Earth Elementalist)  Turns: 103194, Time: 09:33:35

HP:   -16/204 (215) AC: 42    Str: 16 (17) XL:     27
MP:   46/51         EV:  2    Int: 37 (43) God:    Vehumet [******]
Gold: 10117         SH:  0    Dex: 11 (12) Spells: 4/66 levels left

rFire   + . .      SeeInvis +    a - staff of earth
rCold   + + .      Faith    .    T - +2 tower shield "Ylyss" {Regen+ SInv}
rNeg    + + .      Spirit   .    P - +3 leather armour of the Blue God {*Slow rC+ rCorr Int+10}
rPois   ∞          Reflect  .    A - +2 hat
rElec   +          Rampage  .    h - +2 cloak {rCorr}
rCorr   +          Rage     3%   l - +2 pair of gloves {Str+3}
Will    ++...                    S - +2 pair of boots
Stlth   ++++                     I - amulet of magic regeneration
HPRegen 1.34/turn                R - ring "Zumeas Uthroi" {rC+ Int+5}
MPRegen 0.72/turn                i - ring "Buhykk" {rF+ rN+ Str+4 Dex+4 Slay-3, =R}

@: paralysed, flying, slowed, studying 2 skills, drained, unable to drink
A: sickness immunity, AC +20, big wings, negative energy resistance 1,
electricity resistance, torment resistance 1, petrification resistance, horns 2,
berserk 1, clumsy 1, high MP 1, robust 1, deterioration 1[+1], weak 1[+1]
}: 10/15 runes: decaying, serpentine, slimy, silver, abyssal, demonic, glowing,
magical, fiery, dark
a: Renounce Religion


You were on level 2 of Cocytus.
You worshipped Vehumet.
Vehumet was exalted by your worship.
You visited 14 branches of the dungeon, and saw 59 of its levels.
You visited Pandemonium 2 times, and saw 12 of its levels.
You visited the Abyss 1 time.
You also visited: Ossuary, Ice Cave and Wizlab.

You collected 12737 gold pieces.
You spent 2620 gold pieces at shops.

Inventory:

Missiles
 X - 13 silver javelins
 Y - 4 throwing nets
Armour
 h - a +2 cloak of preservation (worn)
 l - a +2 pair of gloves of strength (worn)
 A - a +2 hat (worn)
 P - the +3 leather armour of the Blue God (worn) {*Slow rC+ rCorr Int+10}
   (You bought it in a shop on level 4 of the Snake Pit)

   Int:       It affects your intelligence (+10).
   rC:        It protects you from cold.
   rCorr:     It protects you from acid and corrosion.
   *Slow:     It may slow you when you take damage.
 S - a +2 pair of boots (worn)
 T - the +2 tower shield "Ylyss" (worn) {Regen+ SInv}
   (You took it off a daeva in Pandemonium)

   SInv:      It lets you see invisible.
   Regen:     It increases your rate of health regeneration.
Magical Staves
 a - a staff of earth (weapon)
 b - a staff of conjuration
Jewellery
 d - the ring "Topil" {rF+ rC+ rN+ rCorr}
   (You found it on level 2 of the Swamp)

   [ring of resist corrosion]

   rF:        It protects you from fire.
   rC:        It protects you from cold.
   rN:        It protects you from negative energy.
   rCorr:     It protects you from acid and corrosion.
 g - the ring "Cuojuets" {*Slow rElec Will++ EV+5 Int+9}
   (You found it on level 5 of the Pits of Slime)

   [ring of evasion]

   EV:        It affects your evasion (+5).
   Int:       It affects your intelligence (+9).
   rElec:     It insulates you from electricity.
   *Slow:     It may slow you when you take damage.
   Will:      It greatly increases your willpower.
 i - the ring "Buhykk" (right hand) {rF+ rN+ Str+4 Dex+4 Slay-3, =R}
   (You took it off an ancient champion on level 3 of the Crypt)

   [ring of positive energy]

   Str:       It affects your strength (+4).
   Dex:       It affects your dexterity (+4).
   Slay:      It affects your accuracy & damage with ranged weapons and melee
   (-3).
   rF:        It protects you from fire.
   rN:        It protects you from negative energy.
 m - a ring of see invisible
 I - an amulet of magic regeneration (around neck)
 R - the ring "Zumeas Uthroi" (left hand) {rC+ Int+5}
   (You found it on level 2 of the Crypt)

   [ring of protection from cold]

   Int:       It affects your intelligence (+5).
   rC:        It protects you from cold.
Wands
 y - a wand of digging (26)
 C - a wand of iceblast (39)
 O - a wand of acid (8)
Scrolls
 j - 4 scrolls of amnesia
 k - 9 scrolls of enchant weapon
 n - 7 scrolls of fog
 v - 6 scrolls of enchant armour
 x - 23 scrolls of teleportation
 D - 5 scrolls of torment
 K - 10 scrolls of magic mapping
 M - 14 scrolls of fear
 N - 7 scrolls of summoning
 U - 6 scrolls of silence
Potions
 e - 4 potions of magic
 r - 31 potions of curing
 s - 7 potions of heal wounds
 t - 14 potions of resistance
 w - a potion of mutation
 B - 6 potions of ambrosia
 E - 4 potions of haste
 F - 13 potions of brilliance
 G - 6 potions of cancellation
 H - 5 potions of invisibility
 L - 18 potions of might
Miscellaneous
 c - a lightning rod (4/4)
 f - the horn of Geryon
 p - a tin of tremorstones (2/2)
 z - a phial of floods
 V - a condenser vane
 W - a phantom mirror


   Skills:
 - Level 26.0 Fighting
 - Level 10.0 Short Blades
 - Level 12.0 Staves
 - Level 8.0 Ranged Weapons
 - Level 4.0 Throwing
 - Level 17.0 Armour
 - Level 14.0 Dodging
 - Level 10.0 Stealth
 + Level 18.0 Shields
 - Level 20.0 Spellcasting
 - Level 17.0 Conjurations
 - Level 8.0 Hexes
 - Level 10.0 Summonings
 - Level 10.0 Necromancy
 - Level 4.0 Translocations
 - Level 6.0 Transmutations
 * Level 16.3 Ice Magic
 - Level 4.0 Air Magic
 - Level 22.0 Earth Magic
 - Level 4.0 Poison Magic
 - Level 14.0 Evocations


You had 4 spell levels left.
You knew the following spells:

 Your Spells              Type           Power      Damage    Failure   Level
a - Lee's Rapid Deconstr  Erth           70%        3d32*     0%          5
b - Shatter               Erth           70%        3d51*     8%          9
c - Passwall              Tmut/Erth      99%        N/A       0%          2
d - Lehudib's Crystal Sp  Conj/Erth      67%        10d15     1%          8
e - Blink                 Tloc           100%       N/A       1%          2
f - Freezing Cloud        Conj/Ice/Air   46%        6-21      1%          5
g - Polar Vortex          Ice            51%        N/A       54%         9
h - Spellforged Servitor  Conj/Summ      47%        N/A       2%          7
i - Irradiate             Conj/Tmut      44%        3d26      1%          5
j - Yara's Violent Unrav  Hex/Tmut       36%        3d15      1%          5
k - Borgnjor's Vile Clut  Necr/Erth      62%        N/A       1%          5

Your spell library contained the following spells:

 Spells                   Type           Power      Damage    Failure   Level
 Kiss of Death            Conj/Necr      100%       2d13      0%          1
 Magic Dart               Conj           100%       1d8       0%          1
 Sandblast                Erth           100%       2d20      0%          1
 Hailstorm                Conj/Ice       100%       3d20      0%          3
 Ozocubu's Armour         Ice            100%       N/A       0%          3
 Stone Arrow              Conj/Erth      100%       3d13      0%          3
 Beastly Appendage        Tmut           100%       N/A       1%          1
 Necrotise                Necr           100%       1d9       1%          1
 Shock                    Conj/Air       100%       1d9       1%          1
 Slow                     Hex            100%       N/A       1%          1
 Sting                    Tmut/Pois      100%       1d8       1%          1
 Call Imp                 Summ           84%        N/A       1%          2
 Ensorcelled Hibernation  Hex/Ice        100%       N/A       1%          2
 Lesser Beckoning         Tloc           100%       N/A       1%          2
 Momentum Strike          Conj/Tloc      100%       3d10      1%          2
 Poisonous Vapours        Pois/Air       100%       N/A       1%          2
 Static Discharge         Conj/Air       100%       2-7/arc   1%          2
 Wereblood                Tmut           69%        N/A       1%          2
 Call Canine Familiar     Summ           84%        N/A       1%          3
 Confusing Touch          Hex            77%        N/A       1%          3
 Dazzling Flash           Conj/Hex       100%       N/A       1%          3
 Gell's Gravitas          Tloc           61%        N/A       1%          3
 Inner Flame              Hex/Fire       61%        N/A       1%          3
 Kindle Blastsparks       Fire/Tloc/Air  100%       2d18      1%          3
 Mephitic Cloud           Conj/Pois/Air  78%        N/A       1%          3
 Portal Projectile        Hex/Tloc       100%       N/A       1%          3
 Spider Form              Tmut/Pois      65%        N/A       1%          3
 Summon Guardian Golem    Hex/Summ       80%        N/A       1%          3
 Swiftness                Air            61%        N/A       1%          3
 Teleport Other           Tloc           61%        N/A       1%          3
 Tukima's Dance           Hex            77%        N/A       1%          3
 Vampiric Draining        Necr           84%        2d12      1%          3
 Vhi's Electric Charge    Tloc/Air       100%       N/A       1%          3
 Airstrike                Air            30%        2d(5-21)  1%          4
 Anguish                  Hex/Necr       40%        N/A       1%          4
 Animate Armour           Summ/Erth      100%       N/A       1%          4
 Animate Dead             Necr           84%        N/A       1%          4
 Cause Fear               Hex            38%        N/A       1%          4
 Dispel Undead            Necr           84%        3d27      1%          4
 Flame Wave               Conj/Fire      79%        2d17      1%          4
 Fulminant Prism          Conj/Hex       46%        3d21      1%          4
 Ice Form                 Ice/Tmut       88%        N/A       1%          4
 Iskenderun's Mystic Bla  Conj/Tloc      85%        2d17      1%          4
 Leda's Liquefaction      Hex/Erth       61%        N/A       1%          4
 Olgreb's Toxic Radiance  Pois           61%        N/A       1%          4
 Petrify                  Tmut/Erth      100%       N/A       1%          4
 Sticky Flame             Conj/Fire      79%        2d9       1%          4
 Summon Lightning Spire   Summ/Air       73%        N/A       1%          4
 Manifold Assault         Tloc           61%        N/A       4%          4
 Passage of Golubria      Tloc           61%        N/A       4%          4
 Agony                    Necr           84%        N/A       1%          5
 Arcjolt                  Conj/Air       42%        1d52      1%          5
 Fireball                 Conj/Fire      39%        3d16      1%          5
 Iskenderun's Battlesphe  Conj           100%       2d15      1%          5
 Lightning Bolt           Conj/Air       42%        1d62      1%          5
 Metabolic Englaciation   Hex/Ice        45%        N/A       1%          5
 Summon Mana Viper        Hex/Summ       80%        N/A       1%          5
 Conjure Ball Lightning   Conj/Air       42%        3x3d15    1%          6
 Simulacrum               Ice/Necr       47%        N/A       1%          6
 Orb of Destruction       Conj           52%        9d13      1%          7
 Ozocubu's Refrigeration  Ice            51%        4d18      1%          7
 Summon Forest            Summ/Tloc      36%        N/A       3%          5
 Starburst                Conj/Fire      39%        6d11      3%          6
 Silence                  Hex/Air        34%        N/A       5%          5
 Death Channel            Necr           42%        N/A       6%          6
 Summon Cactus Giant      Summ           42%        N/A       6%          6
 Alistair's Intoxication  Tmut/Pois      43%        N/A       9%          5
 Eringya's Noxious Bog    Tmut/Pois      32%        N/A       12%         6
 Haunt                    Necr/Summ      42%        N/A       32%         7
 Monstrous Menagerie      Summ           42%        N/A       32%         7
 Summon Hydra             Summ           42%        N/A       32%         7
 Dispersal                Tloc           30%        N/A       56%         6
 Enfeeble                 Hex            38%        N/A       58%         7
 Malign Gateway           Summ/Tloc      36%        N/A       73%         7
 Storm Form               Tmut/Air       32%        N/A       94%         7
 Borgnjor's Revivificati  Necr           42%        N/A       94%         8
 Infestation              Necr           42%        N/A       94%         8
 Summon Horrible Things   Summ           42%        N/A       94%         8
 Discord                  Hex            38%        N/A       99%         8
 Maxwell's Capacitive Co  Air            30%        ∞         99%         8
 Chain Lightning          Conj/Air       42%        3d56      99%         9
 Disjunction              Tloc           30%        N/A       100%        8
 Ignition                 Fire           18%        3d7       100%        8
 Dragon's Call            Summ           42%        N/A       100%        9
 Fire Storm               Conj/Fire      39%        8d10      100%        9
 Cigotuvi's Dreadful Rot  Necr/Pois/Air  Unusable   N/A       N/A         2
 Sublimation of Blood     Necr           Unusable   N/A       N/A         2
 Statue Form              Tmut/Erth      Unusable   N/A       N/A         6

Dungeon Overview and Level Annotations

Branches:
Dungeon (15/15)            Temple (1/1) D:5            Lair (5/5) D:10
  Swamp (4/4) Lair:3        Snake (4/4) Lair:3        Slime (5/5) Lair:5
    Orc (2/2) D:11            Elf (3/3) Orc:2        Vaults (5/5) D:14
  Crypt (3/3) Vaults:3       Tomb (0/3) Crypt:3      Depths (4/4) D:15
   Hell (visited)             Dis (0/7) Hell            Geh (0/7) Hell
    Coc (2/7) Hell            Tar (0/7) Hell            Zot (5/5) Depths:4
Ossuary (visited)           IceCv (visited)          WizLab (visited)

Altars:
Ashenzari
Cheibriados
Dithmenos
Elyvilon
Fedhas
Gozag
Hepliaklqana
Kikubaaqudgha
Makhleb
Nemelex Xobeh
Okawaru
Qazlal
Ru
Sif Muna
Trog
Uskayaw
Vehumet
Wu Jian
Xom
Yredelemnul
Zin
The Shining One
Jiyva

Shops:
D:13 *   Orc:2 =(*[   Snake:2 *:(   Snake:3 *   Snake:4 [   Vaults:1 *
Depths:2 !   Depths:3 [

Portals:
Hell: Depths:1 Depths:2 Depths:3 Depths:4
Abyss: Zot:3 Depths:3
Pandemonium: Depths:1 Depths:2 Depths:4
Ziggurat: Depths:1

Annotations:
Elf:2 2 runed translucent doors
Vaults:3 Qeunemit's ghost, adept GrFi


Innate Abilities, Weirdness & Mutations

You are immune to sickness and miasma.
Your stone body is resilient. (AC +20)
You are immune to poison.
Your large and strong wings let you fly.
You resist negative energy. (rN+)
You are resistant to electric shocks. (rElec)
You are resistant to unholy torment.
You are immune to petrification.
You have a pair of horns on your head.
You sometimes lose your temper in combat.
You are clumsy. (Dex -2)
You have an increased reservoir of magic. (+10% MP)
You are robust. (+10% HP)
[Your body often deteriorates upon taking damage.]
[You are very weak. (Str -4)]


Message History

The shard shrike freezes you! You resist.
* * * LOW HITPOINT WARNING * * *
You hear a loud "Zot"!
It's too cold; everything's frozen solid!
As you read the scroll of summoning, it crumbles to dust.
Wisps of shadow whirl around you... You block the shard shrike's attack.
The shard shrike spits a shard of ice at you.
You block the shard of ice. You block the shard shrike's attack.
The wendigo barely misses you. The wendigo closely misses you.
The wendigo barely misses you.
The wendigo bites you but does no damage.
You swap places.
The shard shrike claws your ettin simulacrum!!
The shard shrike freezes your ettin simulacrum.
Your ettin simulacrum completely resists.
The shard shrike claws your ettin simulacrum.
The shard shrike freezes your ettin simulacrum.
Your ettin simulacrum completely resists.
The shard shrike claws your Ice Fiend!
The shard shrike freezes your Ice Fiend.
Your Ice Fiend completely resists.
The shard shrike claws your ettin simulacrum!
Your ettin simulacrum vaporises!
You hear a loud "Zot"!
Your Ice Fiend closely misses the wendigo.
Your Ice Fiend claws the wendigo!
Your Ice Fiend freezes the wendigo.
The wendigo completely resists.
The shard shrike claws you but does no damage.
The wendigo claws your Ice Fiend!! The wendigo freezes your Ice Fiend.
Your Ice Fiend completely resists.
The wendigo bites your Ice Fiend.
You hear a loud "Zot"!
The power of Zot is invoked against you!
You suddenly lose the ability to move!
The shard shrike completely misses your Ice Fiend.
The shard shrike claws you but does no damage.
The shard shrike claws you!
* * * LOW HITPOINT WARNING * * *
The shard shrike freezes you! You resist.
You die...

#≈Z≈≈≈≈≈≈≈≈...
#ZZ..........
###≈.R...≈≈≈≈≈≈
≈≈≈..Z≈≈≈≈≈≈≈≈≈
....ZZ≈Z##≈≈≈≈..
.≈≈≈≈.Z.Z≈Z≈≈.....
≈≈≈.....ZZ..Z.≈≈≈.
≈≈......bRbZ≈≈≈≈≈.
≈.......1b@####≈≈≈
≈≈≈≈≈≈≈## ###≈≈≈≈
###≈≈ #≈≈ ##≈ #≈
#≈


You could see 3 shard shrikes, 2 wendigos, an anaconda simulacrum, 2 dire
elephant simulacra, 2 iron dragon simulacra, a naga warrior simulacrum, 3 titan
simulacra, an iron giant simulacrum, 3 bunyip simulacra and a friendly Ice Fiend
(summoned).

Vanquished Creatures
  Cerebov (Pan)
  the Royal Jelly (Slime:5)
  Gloorx Vloq (Pan)
  A seraph (Pan)
  Lom Lobon (Pan)
  Mnoleg (Pan)
  2 dread liches
  5 orbs of fire
  3 ancient liches
  Mennas (Vaults:4)
  The ghost of Bealaq the Black Belt, a legendary GnFE of Okawaru (Zot:3)
  Mara (Elf:3)
  3 shard shrikes (Hell)
  Vv (Crypt:3)
  Boris (twice) (Crypt:1 Crypt:3)
  8 Killer Klowns
  Saint Roka (Vaults:2)
  4 pandemonium lords (Pan)
  Margery (Vaults:4)
  A curse toe (Crypt:3)
  5 caustic shrikes
  Geryon (Hell)
  13 golden dragons
  the Enchantress (Depths:4)
  Nikola (Depths:1)
  A pearl dragon (Pan)
  2 bone dragons
  2 hellephants
  3 electric golems (Zot:5)
  The ghost of Naurph the Champion of Chaos, an adept DjVM of Makhleb (Swamp:2)
  An iron giant (Hell)
  Jorgrun (D:12)
  Asterion (Elf:2)
  17 tentacled monstrosities
  Zenata (Elf:3)
  An Ice Fiend (Pan)
  5 liches
  9 titans
  25 Orb Guardians (Zot:5)
  2 deep elf master archers (Elf:3)
  30 acid blobs
  6 quicksilver dragons
  A deep elf blademaster (Elf:3)
  9 ancient champions
  8 sphinxes
  9 death cobs
  A thorn hunter (Swamp:4)
  7 Executioners
  16 storm dragons
  6 tengu reavers
  Donald (Crypt:1)
  6 tentacled starspawn
  Roxanne (Swamp:4)
  2 demonspawn warmongers (Pan)
  8 shadow dragons
  3 revenants
  16 daevas (Pan)
  4 draconian monks
  An azure jelly (shapeshifter) (Vaults:3)
  A fenstrider witch (Swamp:2)
  13 rockslimes
  6 draconian knights
  15 frost giants
  9 azure jellies
  The ghost of Naistiu the Spry, an adept DESu of Gozag (Swamp:2)
  6 nagarajas
  8 fire giants
  9 deep elf sorcerers
  5 draconian scorchers
  33 angels
  A caustic shrike zombie (Abyss:2)
  Louise (D:15)
  4 ghost moths
  21 cacodemons
  4 draconian shifters
  Aizul (Snake:1)
  3 curse skulls
  5 iron dragons
  19 vault wardens
  An orc warlord (Orc:2)
  17 balrugs
  24 ghouls
  2 draconian stormcallers
  A quicksilver ooze (shapeshifter) (Depths:1)
  6 deep elf elementalists (Elf:3)
  5 draconian annihilators
  13 ironbound preservers
  2 caustic shrike skeletons
  A demonspawn corrupter (Pan)
  14 quicksilver oozes
  3 demonspawn blood saints (Pan)
  10 vampire knights
  2 war gargoyles
  21 stone giants
  21 reapers
  4 spriggan defenders
  15 ophanim (Pan)
  7 ironbound thunderhulks
  32 apis (Pan)
  11 green draconians
  32 very ugly things
  3 eleionomae
  An elemental wellspring (Coc:1)
  A spark wasp (shapeshifter) (Vaults:3)
  12 yellow draconians
  2 demonspawn black suns (Pan)
  10 deep elf demonologists
  9 lorocyprocas
  Azrael (D:12)
  7 bunyips
  15 deep elf annihilators
  13 black draconians
  9 spark wasps
  11 white draconians
  15 purple draconians
  2 iron golems (Hell)
  8 red draconians
  9 statues (WizLab)
  4 dire elephants (Vaults:1)
  4 eidola
  8 deep elf death magi
  10 fire dragons
  An entropy weaver (Vaults:5)
  Snorg (D:12)
  7 blizzard demons
  A merfolk javelineer (Abyss:3)
  3 jiangshi (Crypt:3)
  15 green deaths
  11 great orbs of eyes
  18 ettins
  4 deep elf high priests
  A peacekeeper (Vaults:4)
  15 yaktaur captains
  44 vault guards
  A shambling mangrove (Swamp:4)
  A salamander tyrant (Snake:4)
  4 rakshasas
  3 spriggan skeletons
  18 ice dragons
  A ghost crab (Swamp:3)
  17 hydras
  6 spriggan air magi
  Erolcha (D:12)
  4 ogre magi
  2 hell beasts
  10 ironbound frosthearts
  7 anacondas
  A bennu zombie (Crypt:1)
  2 death knights (Crypt:3)
  10 boulder beetles
  10 centaur warriors
  23 death yaks
  6 alligators
  19 naga warriors
  31 dancing weapons
  7 deep troll shamans
  6 deep troll earth magi
  3 two-headed ogres
  4 orc high priests (Orc:2)
  11 vampire magi
  4 spriggan berserkers
  4 hell hogs (Hell)
  7 thrashing horrors
  24 naga sharpshooters
  2 titan zombies
  6 tengu warriors
  Urug (D:11)
  15 soul eaters
  7 shock serpents
  19 deep elf knights
  A titan skeleton (Crypt:3)
  31 sun demons
  16 hell knights
  A skyshark (Lair:4)
  A fire crab (D:14)
  25 large abominations
  13 shadow wraiths
  21 sixfirhies (Pan)
  8 wretched stars
  4 salamander mystics
  2 spatial maelstroms
  12 cherubim (Pan)
  An anaconda zombie (Hell)
  A storm dragon skeleton (Depths:3)
  3 spriggan druids
  A quicksilver dragon simulacrum (Abyss:3)
  32 skeletal warriors
  A death drake (Swamp:2)
  8 iron trolls
  6 goliath frogs
  A goliath frog (shapeshifter) (Vaults:4)
  6 flayed ghosts
  14 bog bodies
  26 deep trolls
  A sea snake (shapeshifter) (Depths:1)
  A shadow demon (Pan)
  8 glowing orange brains
  13 swamp dragons
  5 bunyip zombies
  9 naga ritualists
  17 deep elf archers
  13 lindwurms
  9 phantasmal warriors
  24 ironbound convokers
  A sea snake (Snake:3)
  5 orc knights
  An anaconda skeleton (Crypt:1)
  40 deep elf zephyrmancers
  A shadow dragon zombie (Crypt:2)
  13 wizards
  11 necromancers
  A wolf spider (Crypt:3)
  3 will-o-the-wisps
  7 orc sorcerers
  5 harpies (Vaults:4)
  30 deep elf pyromancers
  6 mana vipers
  A cyclops (shapeshifter) (Zot:3)
  A stone giant zombie (Vaults:2)
  12 salamanders
  45 ugly things
  A mana viper (shapeshifter) (Vaults:5)
  13 moths of wrath
  3 manticores
  9 elephants
  8 shining eyes
  2 naga zombies (Crypt:3)
  11 cyclopes
  34 black mambas
  3 guardian serpents
  A worldbinder (Abyss:2)
  A centaur zombie (Crypt:1)
  6 rust devils
  3 apocalypse crabs
  A water nymph (Pan)
  A guardian serpent (shapeshifter) (Zot:3)
  A torpor snail (Lair:5)
  20 smoke demons
  4 ice statues
  An emperor scorpion simulacrum (Coc:1)
  4 gargoyles
  20 naga magi
  8 demonic crawlers
  A yaktaur zombie (Vaults:2)
  4 eyes of devastation
  20 vault sentinels
  3 unseen horrors
  14 orange demons (Pan)
  2 cane toads (shapeshifter)
  8 cane toads
  A dire elephant skeleton (Abyss:1)
  Psyche (D:8)
  3 rime drakes
  A shock serpent skeleton (Crypt:3)
  An efreet (Pan)
  2 sea snake zombies (Hell)
  2 kobold demonologists
  34 yaktaurs
  A tormentor (Hell)
  A black draconian zombie (Crypt:2)
  2 hellions (Pan)
  10 komodo dragons
  19 tengu conjurers
  7 freezing wraiths
  2 yaktaur skeletons
  A guardian mummy (Crypt:3)
  An anaconda simulacrum (IceCv)
  8 ice devils
  4 ancient zymes
  2 red devils
  An iron troll zombie (Crypt:2)
  A grey draconian skeleton (Crypt:3)
  A sea snake skeleton (Hell)
  A hydra zombie (Hell)
  7 trolls
  5 polar bears
  13 hellwings
  A queen bee (shapeshifter) (Elf:1)
  2 harpy skeletons
  10 tyrant leeches
  24 hornets
  A tarantella (shapeshifter) (Depths:1)
  15 raiju
  A blink frog (Lair:3)
  A sphinx simulacrum (Depths:3)
  2 ice dragon zombies
  2 hydra skeletons (Hell)
  An iron dragon simulacrum (Crypt:3)
  An ettin zombie (Crypt:1)
  A dream sheep (Lair:5)
  A radroach zombie (Crypt:1)
  A stone giant simulacrum (Coc:1)
  113 slime creatures
  18 ynoxinuls
  An air elemental (Elf:1)
  A culicivora (shapeshifter) (Elf:2)
  12 wyverns
  7 vampires
  2 shadows
  A spriggan (shapeshifter) (Crypt:3)
  An alligator skeleton (Hell)
  A wyvern (shapeshifter) (Elf:2)
  12 water elementals
  7 wraiths
  2 tyrant leech zombies
  A fire dragon skeleton (Pan)
  3 basilisks
  6 fire elementals
  37 yaks
  29 spriggans
  Grum (D:8)
  26 chaos spawn
  19 neqoxecs
  A sea snake simulacrum (Hell)
  15 starcursed masses
  20 golden eyes
  A death yak simulacrum (IceCv)
  A yaktaur simulacrum (Vaults:2)
  2 steam dragons (D:7)
  15 vampire mosquitoes
  57 nagas
  2 swamp worms (shapeshifter)
  Menkaure (D:6)
  A naga (shapeshifter) (Depths:1)
  12 swamp worms
  6 acid dragons
  3 wargs
  Duvessa (D:5)
  A harpy simulacrum (Coc:1)
  21 water moccasins
  3 spatial vortices
  A floating eye (shapeshifter) (Depths:3)
  2 floating eyes
  15 hell hounds
  A hydra simulacrum (Hell)
  A human skeleton (Depths:3)
  28 orc warriors
  A hornet zombie (Swamp:2)
  An ice beast (D:5)
  An ice dragon simulacrum (Coc:1)
  7 swamp drakes
  A sky beast (Abyss:1)
  7 boggarts
  A swamp dragon zombie (Crypt:1)
  6 black bears
  11 centaurs
  A snapping turtle skeleton (Crypt:1)
  7 ogres
  2 spriggan simulacra
  29 wolves
  2 phantoms
  3 kobold brigands
  16 bullfrogs
  7 necrophages
  4 earth elementals
  3 scorpions
  An ogre simulacrum (Vaults:2)
  A gnoll sergeant (Orc:1)
  8 wights
  Dowan (D:5)
  A polar bear zombie (Crypt:3)
  7 killer bees
  3 elephant simulacra (IceCv)
  5 howler monkeys
  9 small abominations
  3 electric eels (Lair:3)
  3 crimson imps
  3 iron imps
  5 jellies
  27 orc priests
  6 hounds
  A gnoll bouda (D:5)
  An iguana (D:7)
  Natasha (thrice) (D:3)
  37 orc wizards
  A sleepcap (D:6)
  A hell rat (Crypt:3)
  A polar bear simulacrum (IceCv)
  A wolf simulacrum (IceCv)
  An ogre zombie (Crypt:2)
  An ogre skeleton (Crypt:2)
  A deep dwarf skeleton (Crypt:3)
  20 mummies
  4 gnolls (Orc:1)
  13 adders
  16 white imps
  2 ufetubi
  2 lava snake skeletons
  A worm (D:2)
  78 orcs
  2 ball pythons
  10 endoplasms
  5 giant cockroaches
  2 gnoll zombies (Ossuary)
  6 goblins
  7 hobgoblins
  8 jackals
  3 quokkas
  3 bats
  3 hobgoblin zombies (Ossuary)
  18 kobolds
  A kobold zombie (Ossuary)
  An orc skeleton (Crypt:1)
  3 orc zombies
  3 rats
  3 fire vortices
  A starspawn tentacle (Abyss:3)
3138 creatures vanquished.

Vanquished Creatures (collateral kills)
  A pearl dragon (Pan)
  A tentacled monstrosity (Pan)
  A titan (Pan)
  A walking frostbound tome (Depths:3)
  6 Executioners (Pan)
  7 acid blobs
  An ancient champion (Hell)
  The ghost of Varun the Bludgeoner, an adept AtWr of Ashenzari (Swamp:2)
  A shadow dragon (Hell)
  A storm dragon (Vaults:5)
  7 daevas (Pan)
  A demonspawn warmonger (Pan)
  A revenant (Crypt:1)
  7 balrugs (Pan)
  2 rockslimes (Slime:5)
  A fire giant (Vaults:5)
  9 angels (Pan)
  3 cacodemons (Pan)
  3 ghouls (Crypt:3)
  2 draconian annihilators (Pan)
  2 very ugly things
  5 reapers
  A quicksilver ooze (Slime:1)
  2 demonspawn corrupters (Pan)
  6 apis (Pan)
  An ophan (Pan)
  A green draconian (Zot:1)
  A vampire knight (Crypt:1)
  A purple draconian (Zot:1)
  3 eidola (Crypt:3)
  3 blizzard demons (Pan)
  4 green deaths (Pan)
  2 vault guards (Vaults:5)
  A rakshasa (Depths:3)
  A shock serpent (Pan)
  16 sun demons
  10 soul eaters
  5 sixfirhies (Pan)
  7 cherubim (Pan)
  A glowing orange brain (Slime:5)
  A swamp dragon (Abyss:3)
  2 skeletal warriors (Crypt:3)
  A shadow demon (Pan)
  A bog body (Crypt:3)
  A shadow dragon zombie (Crypt:1)
  A spriggan simulacrum (Coc:1)
  A phantasmal warrior (Crypt:3)
  A shining eye (Slime:3)
  A worldbinder (Abyss:3)
  A guardian serpent (Abyss:3)
  2 eyes of devastation (Pan)
  2 rust devils
  10 smoke demons (Pan)
  5 orange demons (Pan)
  3 demonic crawlers (Pan)
  A tormentor (Pan)
  A freezing wraith (Crypt:3)
  A yaktaur (shapeshifter) (Vaults:5)
  2 efreet (Pan)
  A red devil (Pan)
  An ancient zyme (Abyss:3)
  5 hellwings (Pan)
  A hydra skeleton (Crypt:3)
  A raiju (Abyss:3)
  36 slime creatures
  An ettin zombie (Crypt:1)
  A vampire (Crypt:3)
  A water elemental (Depths:2)
  A wraith (Crypt:3)
  4 ynoxinuls (Pan)
  A dire elephant simulacrum (IceCv)
  A small abomination (Abyss:3)
  6 golden eyes
  An alligator snapping turtle simulacrum (Coc:1)
  6 chaos spawn (Pan)
  A neqoxec (Pan)
  10 large abominations (Pan)
  A floating eye (Pan)
  An ettin simulacrum (Coc:1)
  A starcursed mass (Abyss:3)
  A necrophage (Crypt:3)
  2 crimson imps
  A ball lightning (Pan)
  A fire vortex (Pan)
  2 starspawn tentacles (Abyss:3)
257 creatures vanquished.

Vanquished Creatures (others)
  A shard shrike (Coc:2)
  A balrug (Pan)
  A demonspawn black sun (Pan)
  A spark wasp (Depths:1)
  A lorocyproca (Pan)
  A green death (Snake:2)
  A quicksilver dragon simulacrum (Coc:2)
  A wizard (Pan)
  A tengu conjurer (WizLab)
  2 bloated husks (Swamp:1)
  A hornet (Swamp:1)
  An alligator snapping turtle simulacrum (Coc:2)
  A chaos spawn (Pan)
  A naga simulacrum (Coc:2)
  An orc wizard (D:8)
  3 ball lightnings (Pan)
  3 fire vortices (Pan)
  14 foxfires
  18 fulminant prisms
  40 fungi
  A lurking horror (Abyss:3)
  70 plants
  3 starspawn tentacles (Abyss:3)
168 creatures vanquished.

Grand Total: 3563 creatures vanquished

Notes
Turn   | Place    | Note
-------+----------+-------------------------------------------
     0 | D:1      | juan097 the Gargoyle Earth Elementalist began the quest for
                  | the Orb.
     0 | D:1      | Reached XP level 1. HP: 10/10 MP: 3/3
   256 | D:1      | Reached XP level 2. HP: 15/15 MP: 0/5
  1180 | D:2      | Reached XP level 3. HP: 19/19 MP: 4/6
  1436 | D:2      | Reached XP level 4. HP: 24/24 MP: 3/7
  1552 | D:2      | Reached skill level 5 in Earth Magic
  1956 | D:2      | Reached XP level 5. HP: 28/28 MP: 8/8
  1992 | D:2      | Learned a level 3 spell: Stone Arrow
  2257 | D:3      | You fall into a shaft and drop 1 floor!
  2370 | D:3      | Reached skill level 1 in Conjurations
  2379 | D:3      | Noticed Natasha
  2385 | D:3      | Killed Natasha
  2824 | D:3      | Noticed Natasha
  2831 | D:3      | Killed Natasha
  2884 | D:3      | Noticed Natasha
  2918 | D:3      | Killed Natasha
  2919 | D:3      | Reached XP level 6. HP: 32/32 MP: 6/10
  2978 | D:3      | Identified the +1 robe "Omenga" {Str+4}
  3140 | D:4      | Found a glowing silver altar of Zin.
  4021 | D:5      | Entered Level 5 of the Dungeon
  4179 | D:5      | Reached skill level 1 in Transmutations
  4179 | D:5      | Reached XP level 7. HP: 36/36 MP: 7/11
  4182 | D:5      | Learned a level 2 spell: Passwall
  4187 | D:5      | Learned a level 4 spell: Petrify
  4257 | D:5      | Found a staircase to the Ecumenical Temple.
  4264 | Temple   | Entered the Ecumenical Temple
  4375 | Temple   | Became a worshipper of Vehumet
  4404 | D:5      | Found a sparkling altar of Nemelex Xobeh.
  4488 | D:5      | Noticed Duvessa
  4506 | D:5      | Noticed Dowan
  4521 | D:5      | Killed Duvessa
  4522 | D:5      | Reached skill level 1 in Fighting
  4612 | D:5      | Killed Dowan
  4613 | D:5      | Reached skill level 1 in Short Blades
  4825 | D:5      | Reached skill level 2 in Fighting
  4919 | D:5      | Reached skill level 5 in Stealth
  4919 | D:5      | Reached XP level 8. HP: 44/44 MP: 2/12
  5525 | D:6      | Found an iron altar of Okawaru.
  6054 | D:6      | Killed an unseen horror
  6055 | D:6      | Reached skill level 3 in Fighting
  6142 | D:6      | Reached skill level 4 in Fighting
  6566 | D:6      | Noticed Menkaure
  6607 | D:6      | Reached XP level 9. HP: 51/52 MP: 15/15
  6620 | D:6      | Killed Menkaure
  7043 | D:7      | Reached * piety under Vehumet
  7043 | D:7      | Offered knowledge of Kiss of Death by Vehumet.
  7070 | D:7      | Reached skill level 5 in Spellcasting
  7476 | D:7      | Noticed a troll
  7896 | D:7      | Killed a troll
  7897 | D:7      | Reached skill level 5 in Transmutations
  7994 | D:7      | Found the +18 Lear's hauberk
  8200 | D:8      | Noticed Grum
  8221 | D:8      | Noticed Psyche
  8225 | D:8      | Noticed a hornet
  8230 | D:8      | Killed Psyche
  8244 | D:8      | Offered knowledge of Shock by Vehumet.
  8245 | D:8      | Reached XP level 10. HP: 58/58 MP: 7/18
  8255 | D:8      | Learned a level 2 spell: Blink
  8305 | D:8      | Found a sand-covered staircase.
  8312 | Ossuary  | Entered an ossuary
  8323 | Ossuary  | Reached ** piety under Vehumet
  8720 | D:8      | Reached skill level 1 in Ranged Weapons
  8742 | D:8      | Reached skill level 1 in Translocations
  8941 | D:8      | Reached skill level 5 in Fighting
  9160 | D:8      | Killed Grum
  9160 | D:8      | Offered knowledge of Scorch by Vehumet.
  9381 | D:8      | Found a faded altar of an unknown god.
  9381 | D:8      | Found a blossoming altar of Fedhas.
  9385 | D:8      | Reached skill level 5 in Short Blades
  9410 | D:8      | Found a faded altar of an unknown god.
  9412 | D:8      | Found an ancient bone altar of Kikubaaqudgha.
  9414 | D:8      | Found an opulent altar of Gozag.
  9691 | D:9      | Reached *** piety under Vehumet
  9692 | D:9      | Reached skill level 1 in Evocations
  9764 | D:9      | Noticed a kobold demonologist
  9766 | D:9      | Noticed a smoke demon
  9792 | D:9      | Killed a kobold demonologist
  9942 | D:9      | Noticed a two-headed ogre
  9955 | D:9      | Killed a two-headed ogre
 10154 | D:9      | Reached skill level 6 in Fighting
 10219 | D:9      | Reached XP level 11. HP: 64/64 MP: 12/20
 10277 | D:9      | Noticed a centaur warrior
 10296 | D:9      | Killed a centaur warrior
 10297 | D:9      | Reached skill level 1 in Armour
 10342 | D:9      | Offered knowledge of Dazzling Flash by Vehumet.
 10349 | D:9      | Learned a level 3 spell: Dazzling Flash
 10786 | D:10     | Entered Level 10 of the Dungeon
 10924 | D:10     | Found a white marble altar of Elyvilon.
 11393 | D:10     | Reached skill level 1 in Hexes
 11602 | D:10     | Reached **** piety under Vehumet
 11778 | D:10     | Found a staircase to the Lair.
 11782 | Lair:1   | Entered Level 1 of the Lair of Beasts
 11806 | Lair:1   | Reached skill level 10 in Earth Magic
 12350 | Lair:1   | Identified the +4 mace of Tiatenge {protect, MP+9}
 12444 | Lair:1   | Noticed a death yak
 12444 | Lair:1   | Noticed a death yak
 12444 | Lair:1   | Noticed a death yak
 12444 | Lair:1   | Noticed a death yak
 12613 | D:11     | Noticed a boulder beetle
 12624 | D:11     | Killed a boulder beetle
 12791 | D:11     | Offered knowledge of Frozen Ramparts by Vehumet.
 12800 | D:11     | Found a frozen archway.
 12821 | IceCv    | Entered an ice cave
 12918 | IceCv    | Noticed a white ugly thing
 12930 | IceCv    | Killed a white ugly thing
 13488 | IceCv    | Reached XP level 12. HP: 71/71 MP: 11/21
 13688 | IceCv    | Identified the +4 mace "Spiderbane" {venom, Drain rF+ rN++
                  | Int+3}
 13802 | D:11     | Noticed Urug
 13807 | D:11     | Killed Urug
 13808 | D:11     | Reached skill level 7 in Fighting
 14013 | D:11     | Reached skill level 8 in Fighting
 14158 | D:11     | Learned a level 3 spell: Mephitic Cloud
 14466 | D:11     | Found a staircase to the Orcish Mines.
 14610 | Orc:1    | Entered Level 1 of the Orcish Mines
 14686 | Orc:2    | Entered Level 2 of the Orcish Mines
 14923 | Orc:2    | Reached skill level 1 in Poison Magic
 15134 | Orc:2    | Reached skill level 1 in Air Magic
 15183 | Orc:2    | Noticed an orc high priest
 15192 | Orc:2    | Killed an orc high priest
 15651 | Orc:2    | Noticed an orc warlord
 15780 | Orc:2    | Reached skill level 5 in Armour
 15806 | Orc:2    | Killed an orc warlord
 15807 | Orc:2    | Reached skill level 5 in Conjurations
 15904 | Orc:2    | Noticed an orc high priest
 15936 | Orc:2    | Killed an orc high priest
 16014 | Orc:2    | Reached skill level 5 in Evocations
 16067 | Orc:2    | Noticed an orc high priest
 16091 | Orc:2    | Killed an orc high priest
 16321 | Orc:1    | Reached ***** piety under Vehumet
 16332 | Orc:1    | Offered knowledge of Arcjolt by Vehumet.
 16568 | Orc:2    | Reached XP level 13. HP: 78/78 MP: 19/22
 16641 | Orc:2    | Found Daletorch's General Store.
 16642 | Orc:2    | Found Nuits's Jewellery Emporium.
 16676 | Orc:2    | Found Ycev's Antique Armour Shoppe.
 16677 | Orc:2    | Found Feiteaps's Antique Weapon Shoppe.
 16684 | Orc:2    | Bought a potion of resistance for 150 gold pieces
 16779 | Orc:2    | Reached skill level 5 in Ranged Weapons
 17212 | Orc:1    | Noticed an ettin
 17228 | Orc:1    | Killed an ettin
 17787 | Orc:2    | Found a staircase to the Elven Halls.
 17971 | Orc:2    | Bought the ring of Wegaj {Fly rF+ AC+4} for 573 gold pieces
 18697 | Lair:1   | Reached skill level 9 in Fighting
 19108 | Lair:2   | Offered knowledge of Fulminant Prism by Vehumet.
 19114 | Lair:2   | Learned a level 4 spell: Fulminant Prism
 20033 | Lair:3   | You fall into a shaft and drop 2 floors!
 20033 | Lair:5   | Entered Level 5 of the Lair of Beasts
 20705 | Lair:5   | Reached skill level 10 in Fighting
 20705 | Lair:5   | Gained mutation: Your large and strong wings let you fly.
                  | [Gargoyle growth]
 20705 | Lair:5   | Reached XP level 14. HP: 67/88 MP: 16/25
 20850 | Lair:5   | Found a viscous altar of Jiyva.
 20855 | Lair:5   | Found a staircase to the Slime Pits.
 21788 | Lair:5   | Offered knowledge of Irradiate by Vehumet.
 21795 | Lair:5   | Learned a level 5 spell: Irradiate
 24487 | Lair:3   | Found a staircase to the Swamp.
 24812 | Lair:3   | Found a staircase to the Snake Pit.
 24904 | Lair:3   | Reached XP level 15. HP: 93/93 MP: 25/27
 25548 | Lair:2   | Reached skill level 1 in Shields
 26840 | Orc:2    | Bought a ring of protection from cold for 275 gold pieces
 27058 | D:12     | Noticed Azrael
 27066 | D:12     | Killed Azrael
 27200 | D:12     | Reached skill level 11 in Fighting
 27389 | D:12     | Noticed Snorg
 27408 | D:12     | Killed Snorg
 27917 | D:12     | Noticed Erolcha
 27942 | D:12     | Killed Erolcha
 28126 | D:12     | Identified the +2 scale mail of Mumblety Peg {Harm rPois
                  | rF++ Str-2}
 28498 | D:12     | Noticed Jorgrun
 28515 | D:12     | Killed Jorgrun
 28863 | D:13     | Reached skill level 5 in Shields
 28974 | D:13     | Reached skill level 10 in Stealth
 29440 | D:13     | Found Muceus's Serpentskin Sales.
 29444 | D:13     | Bought 5 curare-tipped darts for 96 gold pieces
 29495 | D:13     | Reached skill level 10 in Armour
 30017 | D:14     | Found a gate to the Vaults.
 30280 | D:14     | Reached skill level 10 in Short Blades
 30435 | D:14     | Paralysed by a great orb of eyes for 5 turns
 30708 | D:14     | Reached XP level 16. HP: 98/100 MP: 5/29
 31147 | D:14     | Offered knowledge of Conjure Ball Lightning by Vehumet.
 31405 | D:14     | Found a transporter.
 31408 | D:14     | Found a transporter.
 31410 | D:14     | Found a transporter.
 31448 | D:14     | Found a transporter.
 31930 | D:15     | Entered Level 15 of the Dungeon
 32080 | D:15     | Reached skill level 5 in Dodging
 32227 | D:15     | Noticed Louise
 32266 | D:15     | Killed Louise
 32648 | D:15     | Found a staircase to the Depths.
 33192 | Swamp:1  | Entered Level 1 of the Swamp
 33574 | Lair:3   | Offered knowledge of Yara's Violent Unravelling by Vehumet.
 33581 | Lair:3   | Learned a level 5 spell: Yara's Violent Unravelling
 33852 | Swamp:1  | Upgraded the game from 0.30-a0-862-g1aabd4f9c5 to
                  | 0.30-a0-867-g305f33218d
 33905 | Swamp:1  | Reached skill level 12 in Fighting
 33905 | Swamp:1  | Reached skill level 10 in Spellcasting
 34618 | Swamp:1  | You are sucked into a shaft and drop 1 floor!
 34637 | Swamp:2  | Reached skill level 5 in Hexes
 34971 | Swamp:2  | Found a runed translucent gate.
 34971 | Swamp:2  | Found a runed translucent gate.
 34971 | Swamp:2  | Found a runed translucent gate.
 35195 | Swamp:1  | Identified the +5 mace of the Ecumenical Temple {heavy,
                  | Contam Will+ Str+2}
 35446 | Swamp:2  | Reached XP level 17. HP: 106/106 MP: 22/31
 35787 | Swamp:2  | Noticed Naurph's ghost (adept DjVM)
 35787 | Swamp:2  | Noticed Naistiu's ghost (adept DESu)
 35788 | Swamp:2  | Noticed Varun's ghost (adept AtWr)
 35908 | Swamp:2  | Found an ancient bone altar of Kikubaaqudgha.
 36073 | Swamp:2  | Got the Precepts of Shades
 36944 | Swamp:3  | Offered knowledge of Freezing Cloud by Vehumet.
 37119 | Swamp:3  | Learned a level 5 spell: Freezing Cloud
 37229 | Snake:1  | Entered Level 1 of the Snake Pit
 37371 | Snake:1  | Reached skill level 1 in Ice Magic
 37779 | Snake:1  | Noticed Aizul
 37796 | Snake:1  | Killed Aizul
 38074 | Snake:1  | Identified a scroll of acquirement
 38077 | Snake:1  | Acquired 880 gold pieces
 38782 | Snake:2  | Found a runed translucent door.
 39011 | Snake:2  | Found Pitilel's Antique Weapon Shoppe.
 39011 | Snake:2  | Found Weuzeidd's Book Emporium.
 39288 | Snake:2  | Found Raecvoto's Retail Resort.
 39841 | Snake:2  | Identified the +8 dagger of Darkness {flame, rElec rCorr
                  | Stlth+}
 39898 | Snake:3  | Reached XP level 18. HP: 103/112 MP: 26/33
 39996 | Snake:3  | Offered knowledge of Spellforged Servitor by Vehumet.
 40142 | Snake:3  | Reached skill level 5 in Ice Magic
 40263 | Snake:3  | Reached skill level 10 in Conjurations
 40297 | Snake:3  | Found Husasot's Assorted Antiques.
 41518 | Snake:4  | Entered Level 4 of the Snake Pit
 41624 | Snake:4  | Found a white marble altar of Elyvilon.
 41643 | Snake:4  | Found Peydwinn's Antique Armour Boutique.
 41655 | Snake:4  | Bought a bloodstained leather armour for 217 gold pieces
 41655 | Snake:4  | Identified the +1 leather armour of Vathroda {MP+9} (You
                  | bought it in a shop on level 4 of the Snake Pit)
 41658 | Snake:4  | Bought a jewelled leather armour for 217 gold pieces
 41658 | Snake:4  | Identified the +3 leather armour of the Blue God {*Slow rC+
                  | rCorr Int+10} (You bought it in a shop on level 4 of the
                  | Snake Pit)
 42849 | Snake:4  | Reached skill level 10 in Shields
 42933 | Snake:4  | Reached ****** piety under Vehumet
 42994 | Snake:4  | Reached skill level 1 in Throwing
 43316 | Snake:4  | Got a serpentine rune of Zot
 43611 | Snake:4  | Learned a level 7 spell: Spellforged Servitor
 43837 | Swamp:4  | Entered Level 4 of the Swamp
 43893 | Swamp:4  | Reached XP level 19. HP: 116/116 MP: 34/34
 44384 | Swamp:4  | Reached skill level 10 in Evocations
 44398 | Swamp:4  | Offered knowledge of Shatter by Vehumet.
 44398 | Swamp:4  | Offered knowledge of Polar Vortex by Vehumet.
 44398 | Swamp:4  | Offered knowledge of Maxwell's Capacitive Coupling by
                  | Vehumet.
 44475 | Swamp:4  | Noticed Roxanne
 44516 | Swamp:4  | Got a decaying rune of Zot
 44803 | Swamp:4  | Killed Roxanne
 45188 | Vaults:1 | Entered Level 1 of the Vaults
 45516 | Vaults:1 | Found Qenkikk's Assorted Antiques.
 45699 | Vaults:1 | Identified the +1 robe "Qurhaaps" {rC+ Str+5}
 45747 | Vaults:1 | Reached skill level 1 in Staves
 46880 | Vaults:2 | Reached skill level 13 in Fighting
 46892 | Vaults:2 | Found a magical portal.
 46920 | WizLab   | Entered Iskenderun's Mystic Tower
 47686 | WizLab   | Reached skill level 5 in Staves
 47919 | WizLab   | HP: 4/119 [disintegration (66)]
 48475 | WizLab   | Reached XP level 20. HP: 124/124 MP: 10/36
 49251 | WizLab   | Got Iqacvoir's Vellum of Frigid Erosion
 49263 | WizLab   | Learned a level 5 spell: Borgnjor's Vile Clutch
 49385 | WizLab   | Got Iskenderun's Directory of Percussion
 49385 | WizLab   | Got Iskenderun's Monograph on the Volley
 49692 | WizLab   | Reached skill level 1 in Necromancy
 49880 | Vaults:2 | Noticed Saint Roka
 49891 | Vaults:2 | Killed Saint Roka
 50112 | Vaults:2 | Learned a level 5 spell: Lee's Rapid Deconstruction
 50392 | Vaults:2 | Got the Cyclopedia of Slime
 50876 | Vaults:2 | Identified the +3 arbalest of a Thousand Mice {elec, rElec
                  | rC+ Will+}
 50880 | Vaults:2 | Found the ring of the Octopus King {rC+ HP+2 AC+2 EV+2
                  | SH+2}
 51174 | Vaults:2 | Reached skill level 5 in Necromancy
 51450 | Vaults:2 | Identified the +3 scale mail "Juseir" {Stlth+}
 52271 | Vaults:3 | Found a staircase to the Crypt.
 53000 | Vaults:3 | Reached XP level 21. HP: 82/129 MP: 20/37
 53255 | Vaults:3 | Found a large runed translucent door.
 53255 | Vaults:3 | Found a large runed translucent door.
 53256 | Vaults:3 | Noticed Qeunemit's ghost (adept GrFi)
 53626 | Vaults:3 | You are sucked into a shaft and drop 1 floor!
 53634 | Vaults:4 | Paralysed by a sphinx for 3 turns
 53819 | Vaults:4 | Noticed Mennas
 53837 | Vaults:4 | Noticed Margery
 53846 | Vaults:4 | Killed Margery
 53867 | Vaults:4 | Killed Mennas
 54284 | Vaults:4 | Reached skill level 15 in Earth Magic
 54340 | Vaults:4 | Reached skill level 14 in Fighting
 56492 | Elf:1    | Entered Level 1 of the Elven Halls
 56547 | Elf:1    | Reached XP level 22. HP: 138/138 MP: 31/38
 56879 | Elf:1    | Got the Almanac of Force
 56912 | Elf:1    | Found an ancient bone altar of Kikubaaqudgha.
 57984 | Elf:2    | Found a large runed translucent door.
 57984 | Elf:2    | Found a large runed translucent door.
 58024 | Elf:2    | Found a large runed translucent door.
 58024 | Elf:2    | Found a large runed translucent door.
 58413 | Elf:2    | Noticed Asterion
 58424 | Elf:2    | Killed Asterion
 58429 | Elf:2    | Reached skill level 15 in Fighting
 59019 | Elf:3    | Entered Level 3 of the Elven Halls
 59027 | Elf:3    | Identified the +8 sling of Foul Odours {freeze, rElec
                  | Str+3}
 59051 | Elf:3    | Noticed Mara
 59063 | Elf:3    | Noticed juan097's illusion
 59066 | Elf:3    | Killed Mara
 59079 | Elf:3    | Noticed Zenata
 59094 | Elf:3    | Killed Zenata
 59275 | Elf:3    | Identified the +0 robe of a volcano {Fly rC+ Will- Str+3}
 59372 | Elf:3    | Found a radiant altar of Vehumet.
 59769 | Elf:3    | Reached XP level 23. HP: 145/145 MP: 36/40
 59790 | Elf:3    | Identified the +5 chain mail of the Moon Troll {Dex+3}
 59848 | Elf:3    | Identified the +1 whip "Kapif" {heavy, *Rage rPois MP+9
                  | Int+6 Dex+4}
 59891 | Elf:3    | Reached skill level 16 in Fighting
 60004 | Elf:3    | Reached skill level 1 in Summonings
 60064 | Elf:3    | Identified the amulet of Huteulel {Faith *Slow rPois Regen+
                  | SInv}
 60089 | Elf:3    | Identified the +0 robe "Xosothra" {+Blink}
 60103 | Elf:3    | Identified the ring of Impatience {+Blink rF- rN++ SInv
                  | Stlth+}
 60160 | Elf:3    | Identified the +2 scale mail of the Vestibule of Hell
                  | {Regen+ Str+4 Dex+4}
 60174 | Elf:3    | Got the Compilation of Coordinates and the Undead
 60182 | Elf:3    | Identified the amulet of Avetzo {Reflect -Cast +Inv rPois
                  | Dex-4 SH+5}
 60191 | Elf:3    | Identified the +6 shortbow "Pec Ogaitto" {heavy, rC++
                  | Int+2}
 60194 | Elf:3    | Identified the +3 longbow "Huriciosh" {elec, +Blink Will+}
 60672 | Depths:1 | Entered Level 1 of the Depths
 61168 | Depths:1 | Noticed a golden dragon
 61473 | Depths:1 | Killed a golden dragon
 62349 | Depths:1 | Found a one-way gate leading to the halls of Pandemonium.
 62378 | Depths:1 | Reached skill level 5 in Summonings
 62453 | Depths:1 | Found an ornate altar of the Wu Jian Council.
 62574 | Depths:1 | Noticed Nikola
 62579 | Depths:1 | Killed Nikola
 62686 | Depths:1 | Found a one-way gateway to a ziggurat.
 62822 | Depths:1 | Found a gateway to Hell.
 63195 | Depths:1 | Learned a level 8 spell: Lehudib's Crystal Spear
 63928 | Depths:2 | Reached XP level 24. HP: 152/152 MP: 21/41
 64821 | Depths:2 | Found Heus's Distillery.
 64828 | Depths:2 | Bought a potion of heal wounds for 80 gold pieces
 64828 | Depths:2 | Bought a potion of heal wounds for 80 gold pieces
 65180 | Depths:3 | Found a transporter.
 65180 | Depths:3 | Found a transporter.
 65394 | Depths:3 | Identified the +3 leather armour of the Present {rPois}
 65400 | Depths:3 | Noticed a caustic shrike
 65400 | Depths:3 | Noticed a caustic shrike
 65951 | Depths:3 | Noticed a caustic shrike
 65952 | Depths:3 | Noticed a caustic shrike
 65961 | Depths:3 | Noticed a caustic shrike
 65968 | Depths:3 | Killed a caustic shrike
 65969 | Depths:3 | Killed a caustic shrike
 65970 | Depths:3 | Killed a caustic shrike
 65971 | Depths:3 | Killed a caustic shrike
 66127 | Depths:3 | Identified the +1 scale mail of Dramatic Exits {Fly rElec
                  | Will- Slay+5}
 66129 | Depths:3 | Identified the +3 hand axe of Toacigy {pain, rElec Str+5}
 66294 | Depths:3 | Found Tuul's Antique Armour Shop.
 66298 | Depths:3 | Bought a pair of embroidered gloves for 202 gold pieces
 66301 | Depths:3 | Bought a pair of glowing gloves for 202 gold pieces
 66714 | Depths:3 | Found a one-way gate to the infinite horrors of the Abyss.
 67013 | Depths:4 | Entered Level 4 of the Depths
 67044 | Depths:4 | Killed a caustic shrike
 67226 | Depths:4 | Noticed the Enchantress
 67232 | Depths:4 | Killed the Enchantress
 67322 | Depths:4 | Found a gate to the Realm of Zot.
 67919 | Depths:4 | Found a white marble altar of Elyvilon.
 68714 | Crypt:1  | Entered Level 1 of the Crypt
 68714 | Crypt:1  | Noticed Boris
 68723 | Crypt:1  | Killed Boris
 68845 | Crypt:1  | Noticed Donald
 68848 | Crypt:1  | Killed Donald
 68990 | Crypt:1  | Reached XP level 25. HP: 157/157 MP: 26/41
 69174 | Crypt:1  | Reached skill level 15 in Conjurations
 69254 | Crypt:1  | Paralysed by a vampire knight for 2 turns
 70150 | Crypt:2  | Reached skill level 15 in Spellcasting
 70275 | Crypt:2  | Identified the ring "Zumeas Uthroi" {rC+ Int+5}
 70627 | Crypt:3  | Entered Level 3 of the Crypt
 70814 | Crypt:3  | Noticed Vv
 70821 | Crypt:3  | Killed Vv
 70848 | Crypt:3  | Noticed Boris
 71102 | Crypt:3  | Killed Boris
 71476 | Crypt:3  | Identified the ring "Rics" {rPois rN+ Str-4 Dex+7 Slay+3}
 71558 | Crypt:3  | Upgraded the game from 0.30-a0-867-g305f33218d to
                  | 0.30-a0-870-gc5d4c5acee
 71563 | Crypt:3  | Identified the ring of Conformity {rPois Will+}
 71576 | Crypt:3  | Identified the ring "Buhykk" {rF+ rN+ Str+4 Dex+4 Slay-3}
 71742 | Crypt:3  | Found an ancient bone altar of Kikubaaqudgha.
 71746 | Crypt:3  | Found a basalt altar of Yredelemnul.
 71757 | Crypt:3  | Got the Incunable of Blasphemous Words
 71758 | Crypt:3  | Identified the +5 broad axe of Anguish {holy, Will+ Stlth+}
 71855 | Crypt:3  | Found a runed translucent gate.
 72011 | Crypt:3  | Found a runed translucent gate.
 72012 | Crypt:3  | Found a runed translucent gate.
 72274 | Crypt:2  | Learned a level 9 spell: Shatter
 72574 | Crypt:3  | Found a staircase to the Tomb.
 72797 | Crypt:3  | Acquired juan097's Monograph on Assembling
 72929 | Vaults:5 | Entered Level 5 of the Vaults
 72931 | Vaults:5 | Reached XP level 26. HP: 164/164 MP: 42/42
 72937 | Vaults:5 | Paralysed by a sphinx for 2 turns
 72937 | Vaults:5 | Noticed an ancient lich
 73201 | Vaults:4 | Killed an ancient lich
 73202 | Vaults:4 | Reached skill level 10 in Staves
 73342 | Vaults:5 | Reached skill level 17 in Fighting
 73353 | Vaults:5 | Reached skill level 10 in Summonings
 74268 | Vaults:5 | Identified the +10 arbalest of Tokiluat {drain, rC+}
 74356 | Vaults:5 | Identified the +1 leather armour of Failure {Harm Will+
                  | Str+2 Dex+4}
 74455 | Vaults:5 | Got the Directory of Unstable Burning
 74630 | Vaults:5 | Identified the +3 whip "Undertaker" {flame, Will+ Stlth+}
 74643 | Vaults:5 | Identified the +1 plate armour of Cocytus {rElec}
 74879 | Vaults:5 | Found the amulet of the Air {Inacc Air Fly rElec RMsl}
 74902 | Vaults:5 | Identified the amulet "Vawkufrue" {Acrobat Dex+3}
 74914 | Vaults:5 | Identified the +6 long sword "Ciygoz" {heavy, Stlth+}
 74915 | Vaults:5 | Identified the +9 short sword "Isisau" {speed, *Noise rN+
                  | Stlth+}
 74916 | Vaults:5 | Identified the +2 scimitar of Honesty {heavy, *Rage Str+5
                  | Stlth+}
 74919 | Vaults:5 | Got a silver rune of Zot
 75280 | Zot:1    | Entered Level 1 of the Realm of Zot
 75507 | Zot:1    | Noticed an orb of fire
 75510 | Zot:1    | HP: 1/167 [orb of fire/bolt of fire (73)]
 75538 | Zot:1    | Killed an orb of fire
 76392 | Zot:1    | Reached XP level 27. HP: 136/173 MP: 11/43
 76655 | Zot:1    | Reached skill level 18 in Fighting
 77986 | Zot:3    | Reached skill level 10 in Dodging
 77988 | Zot:3    | Reached skill level 15 in Shields
 78467 | Zot:3    | Found a transporter.
 78470 | Zot:3    | Noticed Bealaq's ghost (legendary GnFE)
 78476 | Zot:3    | Found a transporter.
 78493 | Zot:3    | Noticed a dread lich
 78519 | Zot:3    | Reached skill level 15 in Armour
 78761 | Zot:3    | Reached skill level 19 in Fighting
 79683 | Zot:3    | Paralysed by a dread lich for 3 turns
 79694 | Zot:3    | Killed a dread lich
 79701 | Zot:3    | Gained mutation: [You are weak. (Str -2)] [a cacodemon]
 79737 | Zot:3    | Killed Bealaq's ghost
 79738 | Zot:3    | Reached skill level 20 in Fighting
 79990 | Zot:3    | Identified the +2 pair of boots of the Blind Marksman {rN++
                  | Str+2 Dex-5}
 81305 | Zot:5    | Entered Level 5 of the Realm of Zot
 81404 | Zot:5    | Found an opulent altar of Gozag.
 81533 | Zot:5    | Found an ancient bone altar of Kikubaaqudgha.
 82071 | Zot:5    | Noticed an orb of fire
 82071 | Zot:5    | Noticed an ancient lich
 82320 | Zot:5    | Noticed an ancient lich
 82337 | Zot:5    | Killed an ancient lich
 82476 | Zot:5    | Noticed an orb of fire
 82483 | Zot:5    | Killed an orb of fire
 82499 | Zot:5    | Reached skill level 21 in Fighting
 82562 | Zot:5    | Noticed an orb of fire
 82570 | Zot:5    | Noticed an orb of fire
 82571 | Zot:5    | Gained mutation: You occasionally lose the ability to drink
                  | potions when taking damage. [an orb of fire]
 82576 | Zot:5    | Killed an orb of fire
 82577 | Zot:5    | Gained mutation: You sometimes lose your temper in combat.
                  | [an orb of fire]
 82580 | Zot:5    | Killed an orb of fire
 83025 | Zot:5    | Killed an ancient lich
 83133 | Zot:5    | Killed an orb of fire
 83134 | Zot:5    | Reached skill level 22 in Fighting
 83768 | Slime:1  | Entered Level 1 of the Pits of Slime
 85017 | Snake:4  | Lost mutation: You sometimes lose your temper in combat.
                  | [potion of mutation]
 85017 | Snake:4  | Lost mutation: [You are weak. (Str -2)] [potion of
                  | mutation]
 85017 | Snake:4  | Lost mutation: You occasionally lose the ability to drink
                  | potions when taking damage. [potion of mutation]
 85017 | Snake:4  | Gained mutation: You have a pair of small horns on your
                  | head. [potion of mutation]
 85017 | Snake:4  | Gained mutation: You have a somewhat thin skeletal
                  | structure. (Dex +2, Stealth+) [potion of mutation]
 85017 | Snake:4  | Gained mutation: You have a pair of horns on your head.
                  | [potion of mutation]
 85438 | Slime:5  | Entered Level 5 of the Pits of Slime
 86106 | Slime:5  | Paralysed by a great orb of eyes for 5 turns
 86110 | Slime:5  | Noticed the Royal Jelly
 86372 | Slime:4  | Reached skill level 23 in Fighting
 86773 | Slime:5  | Found a viscous altar of Jiyva.
 86803 | Slime:5  | Killed the Royal Jelly
 87011 | Slime:5  | Identified the ring "Cuojuets" {*Slow rElec Will++ EV+5
                  | Int+9}
 87032 | Slime:5  | Identified the +8 scimitar of Disgust {drain, rPois rC+
                  | Str-2}
 87083 | Slime:5  | Got a slimy rune of Zot
 87087 | Slime:5  | Identified the +2 leather armour of Untruth {rN+ rCorr
                  | Dex+2}
 87093 | Slime:5  | Identified the +3 leather armour "Rystrami" {rElec rF+++
                  | rC- Will+++}
 87100 | Slime:5  | Identified the ring "Ecud" {Fly rPois Str+6}
 87107 | Slime:5  | Identified the +1 helmet of Bus Wuyl {rElec rCorr}
 87109 | Slime:5  | Identified the amulet "Faost" {Faith Rampage}
 87678 | Depths:3 | Voluntarily entered the Abyss.
 87784 | Abyss:1  | Found a corrupted altar of Lugonu.
 87784 | Abyss:1  | Found a corrupted altar of Lugonu.
 87896 | Abyss:1  | Found a corrupted altar of Lugonu.
 88422 | Abyss:2  | Found a corrupted altar of Lugonu.
 89129 | Abyss:3  | Noticed a dread lich
 89135 | Abyss:3  | Killed a dread lich
 89171 | Abyss:3  | Reached skill level 24 in Fighting
 89300 | Abyss:3  | Got an abyssal rune of Zot
 89314 | Depths:3 | Escaped the Abyss
 89548 | Hell     | Entered the Vestibule of Hell
 89548 | Hell     | Noticed Geryon
 89553 | Hell     | Killed Geryon
 90348 | Hell     | Found a gateway to the decaying netherworld of Tartarus.
 90476 | Hell     | Found a gateway to the ashen valley of Gehenna.
 90707 | Hell     | Found a gateway to the Iron City of Dis.
 90830 | Hell     | Found a gateway to the freezing wastes of Cocytus.
 91006 | Pan      | Entered Pandemonium
 91062 | Pan      | Noticed Jiereif the pandemonium lord
 91330 | Pan      | Entered the realm of Lom Lobon.
 92380 | Pan      | Reached skill level 25 in Fighting
 93016 | Pan      | Noticed Lom Lobon
 93092 | Pan      | Killed Lom Lobon
 93193 | Pan      | Got a magical rune of Zot
 93449 | Pan      | Noticed Zoawn the pandemonium lord
 93463 | Pan      | Killed Zoawn the pandemonium lord
 93497 | Pan      | Entered the realm of Mnoleg.
 93500 | Pan      | Gained mutation: You occasionally lose the ability to read
                  | scrolls when taking damage. [a neqoxec]
 93633 | Pan      | Gained mutation: You sometimes lose your temper in combat.
                  | [a cacodemon]
 93642 | Pan      | Gained mutation: [Your body sometimes deteriorates upon
                  | taking damage.] [a cacodemon]
 93655 | Pan      | Gained mutation: You are clumsy. (Dex -2) [a neqoxec]
 93663 | Pan      | Gained mutation: [Your body often deteriorates upon taking
                  | damage.] [a neqoxec]
 93795 | Pan      | Lost mutation: [Your body often deteriorates upon taking
                  | damage.] [potion of mutation]
 93795 | Pan      | Lost mutation: You occasionally lose the ability to read
                  | scrolls when taking damage. [potion of mutation]
 93795 | Pan      | Gained mutation: You occasionally lose the ability to read
                  | scrolls when taking damage. [potion of mutation]
 93795 | Pan      | Gained mutation: You have a pair of large horns on your
                  | head. [potion of mutation]
 93845 | Pan      | Gained mutation: Your mind is acute. (Int +4, Str/Dex -1)
                  | [a cacodemon]
 93910 | Pan      | Reached skill level 26 in Fighting
 93965 | Pan      | Found an exit through the horrors of the Abyss.
 94094 | Pan      | Gained mutation: You occasionally shout uncontrollably at
                  | your foes. [a cacodemon]
 94453 | Pan      | Lost mutation: You have a somewhat thin skeletal structure.
                  | (Dex +2, Stealth+) [a neqoxec]
 94621 | Pan      | Noticed Mnoleg
 94628 | Pan      | Killed Mnoleg
 94709 | Pan      | Got a glowing rune of Zot
 94848 | Pan      | Gained mutation: You are very clumsy. (Dex -4) [a
                  | cacodemon]
 94858 | Pan      | Noticed Boyj the pandemonium lord
 94865 | Pan      | Killed Boyj the pandemonium lord
 94868 | Pan      | Gained mutation: [You are weak. (Str -2)] [a cacodemon]
 95148 | Pan      | Entered the realm of Cerebov.
 95150 | Pan      | Upgraded the game from 0.30-a0-870-gc5d4c5acee to
                  | 0.30-a0-879-ga8ba668304
 95387 | Pan      | Found the +6 sword of Cerebov {flame}
 95387 | Pan      | Noticed Cerebov
 95455 | Pan      | Reached skill level 10 in Necromancy
 95682 | Pan      | Identified the +9 halberd of the Crypt {heavy, rF+ Will+
                  | Str+3 Dex+3}
 95712 | Pan      | Identified the +6 great mace "Dorij" {flame, rF++ rC-
                  | Dex+4}
 95712 | Pan      | Identified the +5 steam dragon scales "Zaotoga" {Slay+2
                  | Stlth+}
 95712 | Pan      | Identified the ring "Miachearugh" {rF+ rN+++ Str-2 Dex-4
                  | SInv}
 95798 | Pan      | Killed Cerebov
 96041 | Pan      | Identified the +7 arbalest of the Toadstool {drain, Str+2}
 96124 | Pan      | Identified the +5 mace "Dinokol" {venom, *Noise rElec rN++
                  | Will+}
 96141 | Pan      | Identified the +12 rapier "Rehomulo" {flame, Str+2}
 96144 | Pan      | Identified the +2 leather armour of Distant Worlds {Will+}
 96202 | Pan      | Got a fiery rune of Zot
 96867 | Pan      | Noticed Aherghiynn the pandemonium lord
 96872 | Pan      | Killed Aherghiynn the pandemonium lord
 97371 | Pan      | Found a glowing silver altar of Zin.
 97663 | Pan      | Found a white marble altar of Elyvilon.
 98725 | Pan      | Identified the +1 tower shield of the Storm King {+Blink
                  | rF+ Regen+}
 98749 | Pan      | Reached skill level 10 in Ice Magic
 99028 | Pan      | Identified the +2 tower shield "Ylyss" {Regen+ SInv}
 99934 | Pan      | Identified the +8 tower shield of Awe {Dex+5}
100351 | Pan      | Identified the +2 robe of the Game of Kings {rC+}
100351 | Pan      | Identified the +5 flail of Dominance {protect, MP+9 Dex+3}
100460 | Pan      | Identified the +3 leather armour of the Storm King {*Slow
                  | rElec rC+ Will++}
100469 | Pan      | Noticed a seraph
100476 | Pan      | Found a glowing golden altar of the Shining One.
100478 | Pan      | Killed a seraph
100644 | Pan      | Got a demonic rune of Zot
100646 | Pan      | Got Sif Muna's Catalogue of Dynamic Orientation
100650 | Pan      | Got Asmodeus's Codex of the Legion
100652 | Pan      | Got the Verses on Relocation and Putridity
100883 | Pan      | Identified the +1 tower shield "Vagoabe" {rC+ Regen+}
101292 | Pan      | Reached skill level 15 in Ice Magic
101367 | Depths:2 | Escaped Pandemonium
101394 | Depths:2 | Bought a potion of mutation for 128 gold pieces
101394 | Depths:2 | Bought a potion of curing for 48 gold pieces
101394 | Depths:2 | Bought a potion of curing for 48 gold pieces
101394 | Depths:2 | Bought a potion of curing for 48 gold pieces
101394 | Depths:2 | Bought a potion of cancellation for 128 gold pieces
101394 | Depths:2 | Bought a potion of ambrosia for 128 gold pieces
101396 | Depths:2 | Lost mutation: You occasionally shout uncontrollably at
                  | your foes. [potion of mutation]
101396 | Depths:2 | Lost mutation: You have a pair of large horns on your head.
                  | [potion of mutation]
101396 | Depths:2 | Lost mutation: Your mind is acute. (Int +4, Str/Dex -1)
                  | [potion of mutation]
101396 | Depths:2 | Gained mutation: You passively dampen the noise of your
                  | surroundings. [potion of mutation]
101396 | Depths:2 | Gained mutation: You have an increased reservoir of magic.
                  | (+10% MP) [potion of mutation]
101540 | D:13     | Lost mutation: You occasionally lose the ability to read
                  | scrolls when taking damage. [potion of mutation]
101540 | D:13     | Lost mutation: You are very clumsy. (Dex -4) [potion of
                  | mutation]
101540 | D:13     | Lost mutation: You passively dampen the noise of your
                  | surroundings. [potion of mutation]
101540 | D:13     | Gained mutation: You are robust. (+10% HP) [potion of
                  | mutation]
101752 | Swamp:2  | Killed Naurph's ghost
101756 | Swamp:2  | Killed Naistiu's ghost
101770 | Swamp:2  | Killed Varun's ghost
101783 | Swamp:2  | Identified the ring "Topil" {rF+ rC+ rN+ rCorr}
102176 | Pan      | Entered Pandemonium
102401 | Pan      | Noticed Roffut the pandemonium lord
102412 | Pan      | Killed Roffut the pandemonium lord
102442 | Pan      | Entered the realm of Gloorx Vloq.
102586 | Pan      | Noticed Gloorx Vloq
102592 | Pan      | Killed Gloorx Vloq
102603 | Pan      | Got a dark rune of Zot
102791 | Depths:1 | Escaped Pandemonium
102831 | Hell     | Learned a level 9 spell: Polar Vortex
102857 | Coc:1    | Entered Level 1 of Cocytus
103191 | Coc:2    | HP: 3/204 [shard shrike (16)]
103193 | Coc:2    | Paralysed by a Zot trap for 4 turns
103194 | Coc:2    | HP: 1/204 [shard shrike (8)]
103194 | Coc:2    | Demolished by a shard shrike

Illustrated notes

Levels and vault maps discovered:
D:1:      dpeg_arrival_brainrot, layout_basic
D:2:      layout_loops_ring, st_stairs_12, chequers_serial_rivers_micro_e
D:3:      layout_basic, columned_hall_lemuel, uniq_natasha
D:4:      layout_basic, lemuel_doored_altar
D:5:      minmay_diamond_boxcup, layout_basic,
          nemelex_xobeh_ov_fountains_minmay, minmay_temple_entry_tees,
          uniq_duvessa
D:6:      layout_basic, okawaru_trees_1, minmay_chambers_of_fives, uniq_menkaure
D:7:      layout_rooms, hellmonk_guarded_unrand_lears
D:8:      layout_rooms, chequers_temple_overflow_minitemple,
          nicolae_ossuary_entry_false_entrances, uniq_grum, uniq_psyche
D:9:      wad_cavern_with_rooms, layout_rooms
D:10:     layout_roguey, mainiacjoe_overflow_catwalk, lair_entry_dummy,
          minmay_diced_spiral
D:11:     layout_loops_cross, orc_0_dummy, portal_ice_cave_entry_imps,
          gauntlet_entry_generic, uniq_urug
D:12:     layout_gridville, uniq_snorg, uniq_erolcha, uniq_azrael, uniq_jorgrun
D:13:     layout_cross, guppyfry_shop_venom
D:14:     minmay_the_grid_octo_tiled_octocenter_mashed
          [minmay_the_grid_octo_clover_2, minmay_the_grid_octo_checkered,
          minmay_the_grid_octo_teeth, minmay_the_grid_octo_empty,
          minmay_the_grid_octo_prize_single_spiral,
          minmay_the_grid_square_5x5_percent,
          minmay_the_grid_square_5x5_two_walls_b,
          minmay_the_grid_square_5x5_shuriken,
          minmay_the_grid_square_5x5_inner_v], layout_rooms,
          nicolae_diode_quadrants
D:15:     grunt_enter_depths_snipers, layout_rooms, minivault_19, uniq_louise
Temple:   regret_index_temple_waves
Lair:1:   layout_regular_city
Lair:2:   layout_misc_corridors, infiniplex_staircase_pool_2
Lair:3:   layout_cave_pods, minmay_swamp_entry_worms,
          minmay_snake_entry_guardpost_small, wad_woods_river_01
Lair:4:   layout_hall_layers, grunt_megastairs_3
Lair:5:   minmay_lair_end_enchanted_forest, layout_loops_ring,
          nicolae_slime_entry_slimehenge
Swamp:1:  layout_basic_swamp, nicolae_swamp_some_circles,
          nicolae_swamp_snake_nest
Swamp:2:  layout_basic_swamp, gammafunk_ghost_cemetery, nicolae_swamp_oxbows,
          swamp_pool2, beargit_kiku_chapel
Swamp:3:  layout_basic_swamp, serial_swamp_ruin, evilmike_swamp_ruin_house_4,
          evilmike_swamp_ruin_house_6
Swamp:4:  swamp_alternative, layout_basic_swamp, swamp_pool4, uniq_roxanne
Snake:1:  layout_grid_shapes, st_stairs_2,
          nicolae_snake_yet_another_twisty_hallway, grunt_ministairs_2,
          uniq_aizul
Snake:2:  cheibrodos_toxic_ritual, layout_layer_cave, nicolae_alphabet_shops,
          minmay_shoptagon
Snake:3:  layout_misc_corridors, nicolae_wooded_promenade, serial_bayou_shore_b
Snake:4:  snake_pit, layout_cave_town, basic_altar, serial_shops, shop,
          nicolae_snake_snakewalk
Slime:1:  layout_caves
Slime:2:  layout_caves, nicolae_slime_getting_an_eyeful
Slime:3:  layout_caves, special_room [special_room_jelly]
Slime:4:  layout_caves
Slime:5
Orc:1:    layout_diamond_mine, nicolae_orc_lava_room
Orc:2:    st_orc_congregation, layout_caves
Elf:1:    minmay_elf_arrival_summoners, layout_geoelf_grid, basic_altar,
          minmay_elf_annihilation
Elf:2:    elven_hall_of_blades_hangedman_alternative
          [nicolae_blade_entry_splitting_headache], layout_onion_city,
          statue_in_the_mist_lemuel, uniq_asterion
Elf:3:    minmay_elf_hall_hex, layout_rooms, basic_altar, uniq_mara, uniq_zenata
Vaults:1: v_pattern_5, nicolae_vaults_network_quinsquares
          [nicolae_vaults_network_quincunx_subvault,
          nicolae_vaults_network_quincunx_subvault,
          nicolae_vaults_network_quincunx_subvault,
          nicolae_vaults_network_quincunx_subvault],
          nicolae_vaults_little_squares_6, nicolae_vaults_network_barrier,
          nicolae_vaults_twisting_passages, vaults_dpeg_spiral, v_misc_22,
          v_alt_pattern_2, nicolae_vaults_stairing_the_circle,
          ontoclasm_vaults_loading_screen, nicolae_vaults_gold_heap,
          vaults_dpeg_ring, layout_vaults_ring, serial_shops,
          nicolae_shop_crystal
Vaults:2: infiniplex_enter_wizlab_glasses, st_greater_box_1,
          vaults_mumra_chevron_long, v_misc_26, hangedman_vaults_slice,
          v_rooms_2, nicolae_vaults_little_squares_1, v_pattern_1,
          nicolae_vaults_theta, hangedman_vaults_capsules,
          layout_vaults_omnigrid, uniq_saint_roka
Vaults:3: ebering_ghost_disaster_area, nicolae_vaults_hallways_thing,
          v_alt_pattern_5, v_misc_33, st_hourglassy, nicolae_vaults_network_s,
          v_misc_11, hangedman_vaults_corner, vaults_room_stairs_pillars,
          nicolae_vaults_yaktaur_gun_rack, layout_vaults_big_room,
          minmay_crypt_entry_simple_round
Vaults:4: nicolae_vaults_disjoint_gnomons, hangedman_vaults_impose, v_misc_26,
          nicolae_vaults_halls_meeting, v_misc_22, v_misc_15,
          ontoclasm_vaults_eye, vaults_standard_mumra_lines, v_pattern_2,
          nicolae_vaults_ring_of_whatevers, nicolae_vaults_little_squares_3,
          hangedman_vaults_cutoff, vaults_room_door_ring, vaults_room_hallway,
          layout_vaults_maze_bifur, uniq_margery, uniq_mennas
Vaults:5: serial_shops
Crypt:1:  layout_chaotic_city, uniq_donald, uniq_boris
Crypt:2:  layout_catacombs, chequers_hall_statues_y
Crypt:3:  lightli_unholy_cathedral, layout_chaotic_city,
          nicolae_tomb_entry_unfolded_pyramid_diagonal, grunt_ministairs_7,
          pandoras_box_mu, uniq_vv, uniq_grunn
Depths:1: nooodl_heptagram, layout_cave_shapes, enter_ziggurat_a,
          rand_demon_pan_entry_5, grunt_hell_entry_dis_mu,
          pdpol_wu_jian_five_deadly_venoms, grunt_decor_one_mirror,
          kennysheep_flooded_box, uniq_nikola
Depths:2: hangedman_cross_stitches, layout_cave_pools, rand_demon_pan_entry_3,
          minmay_misc_feat_encased, hell_entry, serial_shops, shop
Depths:3: grunt_x_marks_the_spot, layout_basic, hell_entry, serial_shops, shop,
          minmay_misc_feat_columns, nicolae_abyss_entry_one_way_or_another,
          nicolae_diode_stairs
Depths:4: grunt_crosshair, layout_gridlike, grunt_pan_entry_sceptre,
          pf_hell_entry_tar_spiral, hangedman_decor_push, nrook_mini_vaults,
          elyvilon_altar_5, uniq_enchantress
Hell
Coc:1:    layout_ice_bergs
Coc:2:    layout_cocytus_water_paths
Zot:1:    nicolae_moth_party, layout_gridlike, st_stairs_8,
          st_large_dragon_hoard_3
Zot:2:    layout_cathedral_of_symmetry
Zot:3:    layout_basic, gammafunk_ghost_abyssal_escape
Zot:4:    layout_gridlike
Zot:5:    layout_twisted_circle, hangedman_feature_mirror

Skill      XL: |  1  2  3  4  5  6  7  8  9 10 11 12 13 14 15 16 17 18 19 20 21 22 23 24 25 26 27 |
---------------+----------------------------------------------------------------------------------+-----
Earth Magic    | 4 5 6 8 9 10 13 16 17 18 22 | 22.0
Stealth        | 3 4 5 6 7 9 10 | 10.0
Conjurations   | 2 4 5 6 8 9 10 12 13 14 15 17 | 17.0
Spellcasting   | 3 4 5 6 7 8 9 10 11 12 13 14 15 16 20 | 20.0
Transmutations | 1 3 5 6 |  6.0
Fighting       | 2 4 6 8 10 11 12 13 14 15 16 17 26 | 26.0
Short Blades   | 2 4 5 6 8 10 | 10.0
Ranged Weapons | 3 4 6 8 |  8.0
Translocations | 3 4 |  4.0
Evocations     | 2 4 5 6 8 10 11 12 14 | 14.0
Armour         | 4 6 8 10 11 12 13 14 17 | 17.0
Hexes          | 4 6 8 |  8.0
Poison Magic   | 4 |  4.0
Dodging        | 3 5 6 7 8 9 14 | 14.0
Air Magic      | 3 4 |  4.0
Shields        | 6 10 11 12 13 14 18 | 18.0
Ice Magic      | 4 6 16 | 16.3
Throwing       | 3 4 |  4.0
Staves         | 5 8 9 12 | 12.0
Necromancy     | 6 10 | 10.0
Summonings     | 6 9 10 | 10.0

Action                     |  1- 3 |  4- 6 |  7- 9 | 10-12 | 13-15 | 16-18 | 19-21 | 22-24 | 25-27 || total
---------------------------+-------+-------+-------+-------+-------+-------+-------+-------+-------++-------
  Melee: Dagger            |    29 |     8 |     4 |    19 |   142 |     5 |    28 |     1 |       ||   236
         Short sword       |       |       |    23 |    71 |   425 |   173 |       |       |       ||   692
         Punch             |       |       |     1 |       |     6 |       |       |       |       ||     7
         Staff             |       |       |       |       |       |       |    27 |    56 |   879 ||   962
         Headbutt          |       |       |       |       |       |       |       |       |   194 ||   194
   Fire: Sling             |    17 |    26 |    15 |   224 |   268 |   242 |    33 |     8 |       ||   833
  Throw: Dart              |       |     2 |     3 |     3 |     3 |     7 |     7 |     2 |     1 ||    28
         Throwing net      |       |       |       |       |       |     1 |       |       |       ||     1
   Cast: Sandblast         |    34 |    59 |    55 |   110 |    11 |    30 |       |       |       ||   299
         Stone Arrow       |       |       |    61 |   255 |   534 |   700 |   513 |   194 |    86 ||  2343
         Passwall          |       |       |     2 |     2 |    10 |       |       |       |       ||    14
         Petrify           |       |       |       |     2 |       |       |     1 |       |       ||     3
         Mephitic Cloud    |       |       |       |    18 |    50 |    22 |     3 |       |       ||    93
         Dazzling Flash    |       |       |       |     3 |     4 |     2 |       |       |       ||     9
         Blink             |       |       |       |     1 |     1 |     1 |    13 |     3 |    27 ||    46
         Fulminant Prism   |       |       |       |       |    14 |     4 |       |       |       ||    18
         Irradiate         |       |       |       |       |     2 |    32 |    24 |    23 |    21 ||   102
         Freezing Cloud    |       |       |       |       |       |    65 |   132 |    63 |    27 ||   287
         Yara's Violent Un |       |       |       |       |       |     7 |    12 |    15 |    39 ||    73
         Lee's Rapid Decon |       |       |       |       |       |       |   132 |   351 |   406 ||   889
         Borgnjor's Vile C |       |       |       |       |       |       |    32 |    38 |    68 ||   138
         Lehudib's Crystal |       |       |       |       |       |       |       |    65 |   935 ||  1000
         Spellforged Servi |       |       |       |       |       |       |       |     5 |   115 ||   120
         Shatter           |       |       |       |       |       |       |       |       |    94 ||    94
  Evoke: Wand              |       |       |       |    13 |     3 |     6 |     8 |    25 |    18 ||    73
         Condenser vane    |       |       |       |       |     2 |     1 |     1 |       |     4 ||     8
         Phantom mirror    |       |       |       |       |     1 |       |     2 |       |       ||     3
         Tin of tremorston |       |       |       |       |       |       |     2 |     2 |     2 ||     6
         Lightning rod     |       |       |       |       |       |       |     4 |     5 |     3 ||    12
         Phial of floods   |       |       |       |       |       |       |       |     3 |     2 ||     5
    Use: Scroll            |       |       |    10 |    15 |     8 |    12 |     6 |     4 |    22 ||    77
         Potion            |       |       |       |     4 |     1 |     1 |     9 |     3 |    34 ||    52
   Stab: Sleeping          |     4 |     5 |     7 |     4 |    17 |     4 |    11 |       |     1 ||    53
         Confused          |       |       |       |    10 |    36 |    10 |     1 |       |       ||    57
         Invisible         |       |       |       |     1 |     1 |       |       |       |       ||     2
         Petrified         |       |       |       |       |       |       |     1 |       |       ||     1
         Distracted        |       |       |       |       |       |       |       |       |    11 ||    11
 Armour: Robe              |    18 |    21 |    49 |    31 |       |       |       |       |       ||   119
         Steam dragon scal |       |       |     1 |    57 |       |       |       |       |       ||    58
         Acid dragon scale |       |       |       |    96 |   462 |   317 |       |       |       ||   875
         Leather armour    |       |       |       |       |       |    41 |   191 |   196 |   849 ||  1277
  Dodge: Dodged            |    28 |    31 |    37 |   148 |   378 |   223 |   158 |   126 |   775 ||  1904
  Block: Buckler           |       |       |       |       |    49 |   151 |       |       |       ||   200
         Kite shield       |       |       |       |       |       |    33 |   186 |   174 |   948 ||  1341
         Reflection        |       |       |       |       |       |    16 |    35 |    24 |    47 ||   122
         Tower shield      |       |       |       |       |       |       |       |       |    94 ||    94

Table legend: (Time is in decaauts)
 A = Elapsed time spent in this place.
 B = Non-inter-level travel time spent in this place.
 C = Inter-level travel time spent in this place.
 D = Time resting spent in this place.
 E = Time spent auto-exploring this place.
 F = Levels seen in this place.
 G = Mean time per level.
                   A        B        C        D        E       F      G
               +--------+--------+--------+--------+--------+-----+--------+
         Total | 102933 |  94397 |   8536 |   4462 |  67564 |  77 | 1336.8 |
       Dungeon |  21570 |  18513 |   3057 |    648 |  13880 |  15 | 1438.0 |
        Temple |    124 |    112 |     12 |      0 |     94 |   1 |  124.0 |
          Lair |  10461 |   9192 |   1269 |    966 |   6417 |   5 | 2092.2 |
         Swamp |   4155 |   3895 |    260 |     12 |   2874 |   4 | 1038.8 |
     Snake Pit |   6277 |   5617 |    660 |    237 |   4139 |   4 | 1569.2 |
    Slime Pits |   3190 |   2917 |    273 |    356 |   1638 |   5 |  638.0 |
  Orcish Mines |   3941 |   3342 |    599 |      0 |   2426 |   2 | 1970.5 |
   Elven Halls |   3975 |   3755 |    220 |     10 |   2836 |   3 | 1325.0 |
        Vaults |  10684 |  10085 |    599 |    555 |   7738 |   5 | 2136.8 |
         Crypt |   4074 |   3920 |    154 |     90 |   2779 |   3 | 1358.0 |
        Depths |   8491 |   7483 |   1008 |    815 |   5345 |   4 | 2122.8 |
          Hell |   1091 |   1075 |     16 |      0 |    755 |   1 | 1091.0 |
       Cocytus |    200 |    168 |     32 |      0 |    115 |   2 |  100.0 |
           Zot |   8066 |   7695 |    371 |    290 |   6113 |   5 | 1613.2 |
         Abyss |   1608 |   1608 |      0 |      0 |    891 |   3 |  536.0 |
   Pandemonium |  10956 |  10956 |      0 |    159 |   6842 |  12 |  913.0 |
       Ossuary |    336 |    336 |      0 |      0 |    224 |   1 |  336.0 |
      Ice Cave |    906 |    906 |      0 |     33 |    552 |   1 |  906.0 |
        Wizlab |   2819 |   2819 |      0 |    290 |   1902 |   1 | 2819.0 |
               +--------+--------+--------+--------+--------+-----+--------+

Top non-repeatable levels by time:
Depths:1: 3444 daAuts
  Lair:5: 2986 daAuts
Vaults:2: 2979 daAuts
  Lair:3: 2968 daAuts
Depths:3: 2913 daAuts
  WizLab: 2819 daAuts
   Orc:2: 2730 daAuts
Vaults:4: 2495 daAuts
    D:13: 2169 daAuts
    D:12: 2162 daAuts
Vaults:3: 2105 daAuts
 Crypt:3: 2062 daAuts
   Zot:3: 1966 daAuts
    D:10: 1920 daAuts
 Snake:4: 1887 daAuts
